 Dungeon Crawl Stone Soup version 0.31-a0-121-g1e386dd289 (webtiles) character file.

Game seed: 5294625625902991993

914 porpoise the Cleaver (level 8, -1/73 HPs)
             Began as a Hill Orc Fighter on May 31, 2023.
             Splashed by a jelly's acid (9 damage)
             ... on level 5 of the Dungeon on June 1, 2023.
             The game lasted 00:13:16 (4649 turns).

porpoise the Cleaver (Hill Orc Fighter)             Turns: 4649, Time: 00:13:18

Health: -1/73      AC:  0    Str: 21    XL:     8   Next: 9%
Magic:  8/8        EV:  9    Int:  8    God:
Gold:   165        SH:  6    Dex: 10    Spells: 7/7 levels left

rFire   . . .        a - +0 war axe
rCold   . . .        c - +1 buckler
rNeg    . . .        b - +0 scale mail
rPois   .            (no helmet)
rElec   .            (no cloak)
rCorr   .            (no gloves)
SInv    .            m - +0 pair of boots
Will    .....        (no amulet) Stlth
                     (no ring)
HPRegen 0.32/turn    (no ring)
MPRegen 0.11/turn

%: no passive effects
@: corroded
A: no striking features
a: Convert to Beogh


You were on level 5 of the Dungeon.
You visited 1 branch of the dungeon, and saw 5 of its levels.

You collected 165 gold pieces.

Inventory:

Hand Weapons
 a - a +0 war axe (weapon)
Missiles
 j - 4 boomerangs (quivered)
Armour
 b - a +0 scale mail (worn)
 c - a +1 buckler (worn)
 m - a +0 pair of boots (worn)
Jewellery
 u - a ring of fire
Scrolls
 e - a scroll of noise
 f - 2 scrolls of teleportation
 g - a scroll of amnesia {unknown}
 h - a scroll of fear {unknown}
 k - a scroll of fog {unknown}
 n - a scroll of enchant armour
 o - a scroll of vulnerability
 p - 3 scrolls of silence
 s - 2 scrolls of poison
 t - a scroll of torment {unknown}
 v - 2 scrolls of magic mapping {unknown}
Potions
 d - 2 potions of might
 i - a potion of cancellation
 l - 2 potions of curing
 q - a potion of degeneration
 r - a potion of attraction {unknown}
 w - a potion of lignification {unknown}


   Skills:
 + Level 7.0 Fighting
 * Level 9.0 Axes
 - Level 3.2 Armour
 - Level 5.0 Shields


You had 7 spell levels left.
You didn't know any spells.
Your spell library contained the following spells:

 Spells                   Type           Power      Damage    Failure   Level
 Foxfire                  Conj/Fire      0%         2x1d4     82%         1
 Gell's Gravitas          Tloc           0%         N/A       99%         3
 Teleport Other           Tloc           0%         N/A       99%         3
 Fireball                 Conj/Fire      0%         3d3       100%        5
 Dispersal                Tloc           0%         N/A       100%        6
 Plasma Beam              Fire/Air       0%         2x1d11    100%        6
 Starburst                Conj/Fire      0%         6d3       100%        6


Dungeon Overview and Level Annotations

Branches:
Dungeon (5/15)
 Temple: D:4-7

Altars:
Fedhas
Hepliaklqana
Nemelex Xobeh
Xom
Zin

Shops:
D:4 (


Message History

The orc priest looks braver for a moment.
The orc attacks as you move away! The orc hits you with a +0 hand axe.
The orc attacks as you move away! The orc hits you with a +0 flail.
You see here a scorpion corpse.
The orc attacks as you move away! The orc hits you with a +0 flail!
The orc attacks as you move away! You block the orc's attack. x2
The orc attacks as you move away! You block the orc's attack.
The orc attacks as you move away! The orc barely misses you.
The orc attacks as you move away! The orc hits you but does no damage.
The orc attacks as you move away! You block the orc's attack.
You hit the orc but do no damage. The orc hits you with a +0 flail.
You closely miss the orc. The orc hits you with a +0 flail.
You slash the orc!
You kill the orc!
You hit the orc.
The orc is heavily wounded.
The orc hits you but does no damage.
You hit the orc.
You kill the orc!
You barely miss the jelly. The jelly hits you. The acid corrodes you!
You are splashed with acid.
You barely miss the jelly. The jelly hits you but does no damage.
You hit the jelly. The acid corrodes you!
Your hands burn!
The jelly is lightly wounded.
You block the jelly's attack. The jelly hits you.
You are splashed with acid!
You hit the jelly but do no damage.
Your hands burn!
* * * LOW HITPOINT WARNING * * *
The jelly is lightly wounded.
The jelly hits you.
* * * LOW HITPOINT WARNING * * *
You are splashed with acid.
* * * LOW HITPOINT WARNING * * *
You slash the jelly!
Your hands burn!
* * * LOW HITPOINT WARNING * * *
The jelly is almost dead.
The orc priest miscasts a cantrip.
The jelly hits you.
* * * LOW HITPOINT WARNING * * *
You are splashed with acid!
You die...

# ...#..# .
#....# #. #...###
#.# ##.....##
#.###.........
#.............
###†..........
####.....#.......
#@Joo...##...###.
####o...# #..#
###..## #..#
##...# ..#
#....## ##
#.#...# ..##
##.##..## #....
#.###...##....
#.# ##...#..#


You could see a jelly, an orc priest and 2 orcs.

Vanquished Creatures
  A wyvern (D:4)
  Menkaure (D:5)
  A scorpion (D:5)
  2 hounds
  An orc priest (D:3)
  A jelly (D:5)
  A sleepcap (D:3)
  4 orc wizards
  Natasha (thrice) (D:2)
  6 gnolls
  7 adders
  A white imp (D:5)
  3 worms
  4 dart slugs
  23 orcs
  8 ball pythons
  8 endoplasms
  3 giant cockroaches
  4 goblins
  7 hobgoblins
  6 jackals
  4 quokkas
  8 bats
  2 frilled lizards
  5 kobolds
  3 rats
117 creatures vanquished.

Notes
Turn   | Place    | Note
-------+----------+-------------------------------------------
     0 | D:1      | porpoise the Hill Orc Fighter began the quest for the Orb.
     0 | D:1      | Reached XP level 1. HP: 19/19 MP: 1/1
    86 | D:1      | Reached skill level 3 in Axes
    86 | D:1      | Reached XP level 2. HP: 27/27 MP: 2/2
   402 | D:1      | Reached XP level 3. HP: 33/33 MP: 3/3
  1082 | D:2      | Reached XP level 4. HP: 40/40 MP: 4/4
  1116 | D:2      | Noticed Natasha
  1125 | D:2      | Killed Natasha
  1185 | D:2      | Noticed Natasha
  1198 | D:2      | Killed Natasha
  1199 | D:2      | Reached skill level 4 in Axes
  1323 | D:2      | Noticed Natasha
  1334 | D:2      | Killed Natasha
  1335 | D:2      | Reached skill level 5 in Shields
  1335 | D:2      | Reached XP level 5. HP: 22/47 MP: 5/5
  1911 | D:3      | Reached skill level 5 in Fighting
  1911 | D:3      | Reached skill level 5 in Axes
  1956 | D:3      | Reached XP level 6. HP: 52/56 MP: 6/6
  2183 | D:3      | Found a blossoming altar of Fedhas.
  2190 | D:3      | Found a hazy altar of Hepliaklqana.
  2190 | D:3      | Found a glowing silver altar of Zin.
  2190 | D:3      | Found a shimmering altar of Xom.
  2523 | D:3      | Upgraded the game from 0.31-a0-117-g42d8f58691 to
                  | 0.31-a0-121-g1e386dd289
  2705 | D:3      | Reached skill level 6 in Axes
  3063 | D:4      | Found a sparkling altar of Nemelex Xobeh.
  3160 | D:4      | Found Neok's Antique Weapon Boutique.
  3457 | D:4      | Identified the +3 dagger of the Scorpion {heavy, rC+ Will+
                  | rCorr Dex-3}
  3637 | D:4      | Noticed a wyvern
  3648 | D:4      | Killed a wyvern
  3649 | D:4      | Reached skill level 7 in Axes
  3649 | D:4      | Reached XP level 7. HP: 3/63 MP: 7/7
  3932 | D:5      | Entered Level 5 of the Dungeon
  4088 | D:5      | Reached skill level 8 in Axes
  4341 | D:5      | Noticed Menkaure
  4353 | D:5      | Killed Menkaure
  4354 | D:5      | Reached XP level 8. HP: 13/71 MP: 8/8
  4621 | D:5      | Reached skill level 9 in Axes
  4649 | D:5      | Splashed by a jelly's acid

Illustrated notes

Levels and vault maps discovered:
D:1:      evilmike_arrival_plus, layout_loops_cross
D:2:      layout_loops_ring, uniq_natasha
D:3:      layout_loops_ring, grunt_temple_overflow_open
D:4:      minmay_wonky_spiral, layout_gridville, mainiacjoe_overflow_catwalk,
          serial_shops, shop
D:5:      minmay_skewed_foursquare, layout_layer_cave, uniq_menkaure

Skill      XL: |  1  2  3  4  5  6  7  8 |
---------------+-------------------------+-----
Axes           | 3 4 5 7 8 9 |  9.0
Fighting       | 4 5 6 7 |  7.0
Shields        | 4 5 |  5.0
Armour         | |  3.2

Action                     |  1- 3 |  4- 6 |  7- 9 || total
---------------------------+-------+-------+-------++-------
  Melee: War axe           |   115 |   183 |    78 ||   376
    Use: Scroll            |       |     8 |     1 ||     9
         Potion            |       |     1 |       ||     1
 Armour: Scale mail        |    42 |    75 |    27 ||   144
  Dodge: Dodged            |    52 |   102 |    31 ||   185
  Block: Buckler           |    24 |    54 |    22 ||   100

Table legend: (Time is in decaauts)
 A = Elapsed time spent in this place.
 B = Non-inter-level travel time spent in this place.
 C = Inter-level travel time spent in this place.
 D = Time resting spent in this place.
 E = Time spent auto-exploring this place.
 F = Levels seen in this place.
 G = Mean time per level.
                   A        B        C        D        E       F      G
               +--------+--------+--------+--------+--------+-----+--------+
         Total |   4759 |   4611 |    148 |   1475 |   2206 |   5 |  951.8 |
       Dungeon |   4759 |   4611 |    148 |   1475 |   2206 |   5 |  951.8 |
               +--------+--------+--------+--------+--------+-----+--------+

Top non-repeatable levels by time:
     D:3: 1124 daAuts
     D:4: 1064 daAuts
     D:2: 955 daAuts
     D:1: 928 daAuts
     D:5: 686 daAuts
